 Dungeon Crawl Stone Soup version 0.30-a0-377-g5cb311bc9f (webtiles) character file.

Game seed: 16902280205050238258

15 tio the Insei (level 2, -6/23 HPs)
             Began as a Meteoran Transmuter on Nov 27, 2022.
             Mangled by a gnoll
             ... wielding a +0 flail
              (8 damage)
             ... on level 1 of the Dungeon.
             The game lasted 00:07:34 (411 turns).

tio the Insei (Meteoran Transmuter)                  Turns: 411, Time: 00:07:35

Health: -6/23      AC:  2    Str: 11    XL:     2   Next: 88%
Magic:  6/6        EV: 12    Int: 14    God:
Gold:   70         SH:  0    Dex: 14    Spells: 5/6 levels left

rFire   . . .      SeeInvis .    h - staff of air
rCold   . . .      Faith    .    (no shield)
rNeg    . . .      Spirit   .    a - +0 robe
rPois   .          Reflect  .    (no helmet)
rElec   +          Harm     .    (no cloak)
rCorr   .          Rampage  .    (no gloves)
Will    .....                    (no boots)
Stlth   +.........               (no amulet)
HPRegen 0.23/turn                (no ring)
MPRegen 0.10/turn                (no ring)

@: about to teleport, glowing
A: sense surroundings 1, otherworldly, glowing, explore regen
a: no special abilities


You were on level 1 of the Dungeon.
You visited 1 branch of the dungeon, and saw 1 of its levels.

You collected 70 gold pieces.

Inventory:

Hand Weapons
 d - a +0 short sword
Missiles
 f - 4 javelins (quivered)
Armour
 a - a +0 robe (worn)
Magical Staves
 h - a staff of air (weapon)
Potions
 b - a potion of lignification
 j - a potion of curing {unknown}


   Skills:
 + Level 1.1 Fighting
 + Level 2.7 Dodging
 + Level 4.2 Unarmed Combat
 + Level 2.8 Spellcasting
 + Level 2.5 Transmutations


You had 5 spell levels left.
You knew the following spells:

 Your Spells              Type           Power      Damage    Failure   Level
a - Beastly Appendage     Tmut           18%        N/A       8%          1

Your spell library contained the following spells:

 Spells                   Type           Power      Damage    Failure   Level
 Wereblood                Tmut           9%         N/A       12%         2
 Spider Form              Tmut/Pois      5%         N/A       36%         3
 Ice Form                 Ice/Tmut       5%         N/A       78%         4


Dungeon Overview and Level Annotations

Branches:
Dungeon (1/15) Zot: 183

Altars:


Innate Abilities, Weirdness & Mutations

You passively map a small area around you.
You are easily found by Zot.
You glow in the dark.
You regain HP and MP as you explore.


Message History

Something appears at your feet!
You see here a staff of air.
h - a staff of air
h - a staff of air (weapon)
The rat bites you.
You hit the rat.
You kill the rat!
As you read the scroll labelled GOYC JOEDGH, it crumbles to dust.
It is a scroll of identify.
i - a scroll of teleportation
As you read the scroll labelled AMU FUNOYGUAH, it crumbles to dust.
The scroll dissolves into smoke.
It was a scroll of fog.
As you read the scroll labelled SAOGIK CYUVA, it crumbles to dust.
You hear a loud clanging noise!
It was a scroll of noise.
You hear a shout! x3
Found 12 gold pieces.
You now have 70 gold pieces (gained 12).
A gnoll comes into view. It is wielding a +0 flail.
The gnoll shouts!
You hit the gnoll.
The gnoll is lightly wounded.
The gnoll barely misses you.
You closely miss the gnoll.
The gnoll is lightly wounded.
The gnoll hits you with a +0 flail!
Ouch! That really hurt!
You hit the gnoll.
The gnoll is moderately wounded.
The gnoll closely misses you.
You hit the gnoll.
The gnoll is moderately wounded.
The gnoll hits you with a +0 flail!
* * * LOW HITPOINT WARNING * * *
As you read the scroll of teleportation, it crumbles to dust.
You feel strangely unstable. The gnoll barely misses you.
You hit the gnoll.
The gnoll is heavily wounded.
The gnoll hits you with a +0 flail!
You die...

###.#### #.##....#
#......#
#......######
###.##.#
#......##.... #.##.#
#............ #.##.#
#...>........ #.##.#
#.......#....
#.##.####......†#....
####...##.###.#.#....
* ,
+@g........#.#....
#......###.#.#....
#......###.#......
#......#.........#
#.........#####...
#........ *#....
#.......# ,#...#.
#...###.#* #..##. ,*
#####.


You could see a gnoll.

Vanquished Creatures
  3 dart slugs (D:1)
  2 bats (D:1)
  2 kobolds (D:1)
  A goblin (D:1)
  A rat (D:1)
9 creatures vanquished.

Notes
Turn   | Place    | Note
-------+----------+-------------------------------------------
     0 | D:1      | tio the Meteoran Transmuter began the quest for the Orb.
     0 | D:1      | Reached XP level 1. HP: 16/16 MP: 5/5
   137 | D:1      | Reached XP level 2. HP: 11/23 MP: 6/6
   297 | D:1      | Reached skill level 4 in Unarmed Combat
   354 | D:1      | Identified a scroll of acquirement
   354 | D:1      | Acquired a staff of air
   409 | D:1      | HP: 1/23 [gnoll/+0 flail (11)]
   411 | D:1      | Mangled by a gnoll

Illustrated notes

Levels and vault maps discovered:
D:1:      psy_arrival_conway, layout_basic, roderic_malta_cross,
          dreamdust_wishing_well, lexackson_kobold_supper

Skill      XL: |  1  2 |
---------------+-------+-----
Unarmed Combat | 4 |  4.2
Fighting       | |  1.1
Dodging        | |  2.7
Spellcasting   | |  2.8
Transmutations | |  2.5

Action                   || total
-------------------------++-------
Melee: Short sword       ||    32
       Unarmed           ||     1
       Punch             ||     1
       Staff             ||     6
 Cast: Beastly Appendage ||     1
  Use: Scroll            ||     5
       Potion            ||     1
Armor: Robe              ||     8
Dodge: Dodged            ||    18

Table legend: (Time is in decaauts)
 A = Elapsed time spent in this place.
 B = Non-inter-level travel time spent in this place.
 C = Inter-level travel time spent in this place.
 D = Time resting spent in this place.
 E = Time spent auto-exploring this place.
 F = Levels seen in this place.
 G = Mean time per level.
                   A        B        C        D        E       F      G
               +--------+--------+--------+--------+--------+-----+--------+
         Total |    415 |    146 |    269 |      0 |      0 |   1 |  415.0 |
       Dungeon |    415 |    146 |    269 |      0 |      0 |   1 |  415.0 |
               +--------+--------+--------+--------+--------+-----+--------+

Top non-repeatable levels by time:
     D:1: 415 daAuts
